 Dungeon Crawl Stone Soup version 0.26-a0-1139-g7d2dc893a1 (webtiles) character file.

Game seed: 4836234313273370155

57 Dracia the Ducker (level 3, -5/28 HPs)
             Began as a Demonspawn Gladiator on Dec 22, 2020.
             Slain by Sigmund
             ... wielding a +0 scythe
              (10 damage)
             ... on level 3 of the Dungeon.
             The game lasted 00:02:44 (1944 turns).

Dracia the Ducker (Demonspawn Gladiator)            Turns: 1944, Time: 00:02:44

Health: -5/28      AC:  3    Str: 15    XL:     3   Next: 73%
Magic:  3/3        EV: 13    Int:  9    God:
Gold:   73         SH:  0    Dex: 14    Spells: 2/2 levels left

rFire    . . .     SeeInvis .   a - +0 quarterstaff
rCold    . . .     Faith    .   (shield currently unavailable)
rNeg     . . .     Spirit   .   b - +0 leather armour
rPois    .         Reflect  .   (helmet restricted)
rElec    .         Harm     .   (no cloak)
rCorr    .         Rampage  .   (no gloves)
Will     .....                  (no boots)
Stlth    +.........             (no amulet)
HPRegen  0.09/turn              (no ring)
MPRegen  0.08/turn              (no ring)

@: no status effects
A: antennae 1
a: no special abilities


You were on level 3 of the Dungeon.
You visited 1 branch of the dungeon, and saw 3 of its levels.

You collected 73 gold pieces.


Innate Abilities, Weirdness & Mutations

You have a pair of small antennae on your head.


   Skills:
 + Level 2.8 Fighting
 - Level 2.6 Staves
 - Level 1.7 Throwing
 + Level 1.6 Armour
 + Level 3.2 Dodging


You had 2 spell levels left.
You didn't know any spells.
Your spell library was empty.

Inventory:

Hand Weapons
 a - a +0 quarterstaff (weapon)
Missiles
 d - 6 throwing nets (quivered) {=f=f}
Armour
 b - a +0 leather armour (worn)
 c - a +0 helmet
Jewellery
 o - an uncursed ring of ice {unknown}
Wands
 l - a wand of random effects (18)
Scrolls
 e - 4 scrolls of magic mapping {unknown}
 g - 6 scrolls of identify {unknown}
 h - a scroll of blinking {unknown}
 i - a scroll of enchant weapon {unknown}
 j - a scroll of remove curse {unknown}
 m - a scroll of teleportation {unknown}
 n - a scroll of amnesia {unknown}
Potions
 f - a potion of might
 k - 2 potions of invisibility {unknown}
 p - a potion of curing {unknown}

Dungeon Overview and Level Annotations

Branches:
Dungeon (3/15)

Altars:
Xom

Annotations:
D:3 Sigmund

## #.
..####.##
........####.#
#....{r...#
#@# #<#
#......?#
##..###.# #...
#.... ######


You could see a rat.


Message History

You hit Sigmund.
Sigmund is moderately wounded.
Sigmund hits you with a +0 scythe.
You hit Sigmund but do no damage.
Sigmund is moderately wounded.
Sigmund casts a spell at you. The puff of flame misses you.
You closely miss Sigmund.
Sigmund is moderately wounded.
Sigmund closely misses you.
Unknown command.
Your leather armour prevents you from hitting Sigmund.
Sigmund is moderately wounded.
Sigmund misses you.
You closely miss Sigmund.
Sigmund is moderately wounded.
Sigmund hits you with a +0 scythe.
* * * LOW HITPOINT WARNING * * *
You barely miss Sigmund.
Sigmund is moderately wounded.
You hit Sigmund.
Sigmund is heavily wounded.
Sigmund casts a spell.
Sigmund flickers and vanishes!
Deactivating autopickup; reactivate with Ctrl-A.
You barely miss something. Something hits you but does no damage.
You hit something. Something hits you!
* * * LOW HITPOINT WARNING * * *
You closely miss something. Something hits you!
You die...

Skill      XL: |  1  2 |
---------------+-------+-----
Armour         | 1 |  1.6
Dodging        | 3 |  3.2
Fighting       | |  2.8
Staves         | |  2.6
Throwing       | |  1.7

Action                   || total
-------------------------++-------
Melee: Quarterstaff      ||   134
 Stab: Sleeping          ||     1
Armor: Leather armour    ||    31
Dodge: Dodged            ||    84

Levels and vault maps discovered:
D:1:      minmay_arrival_arboretum_large, layout_basic, minivault_26,
          minmay_tetromino_l2
D:2:      layout_basic, xom_butterflies, chequers_arboretum,
          hangedman_decor_clover_reticule
D:3:      kennysheep_six_static_rooms, layout_loops_ring,
          nicolae_overflow_quartered_altars, uniq_sigmund

Notes
Turn   | Place    | Note
-------+----------+-------------------------------------------
     0 | D:1      | Dracia the Demonspawn Gladiator began the quest for the
                  | Orb.
     0 | D:1      | Reached XP level 1. HP: 16/16 MP: 1/1
   324 | D:1      | Gained mutation: You have a pair of small antennae on your
                  | head. [demonic ancestry]
   324 | D:1      | Reached XP level 2. HP: 22/22 MP: 2/2
   403 | D:1      | Reached skill level 1 in Armour
   403 | D:1      | Reached skill level 3 in Dodging
  1180 | D:2      | Found a shimmering altar of Xom.
  1201 | D:2      | Reached XP level 3. HP: 24/28 MP: 3/3
  1919 | D:3      | Noticed Sigmund
  1944 | D:3      | Slain by Sigmund

Vanquished Creatures
  An adder (D:2)
  2 oozes
  A worm (D:2)
  2 dart slugs
  A leopard gecko (D:2)
  3 goblins
  3 hobgoblins
  3 jackals (D:2)
  A ball python (D:1)
  4 bats
  2 frilled lizards
  3 kobolds
  8 rats
  A butterfly (D:2)
35 creatures vanquished.

Table legend: (Time is in decaauts)
 A = Elapsed time spent in this place.
 B = Non-inter-level travel time spent in this place.
 C = Inter-level travel time spent in this place.
 D = Time resting spent in this place.
 E = Time spent auto-exploring this place.
 F = Levels seen in this place.
 G = Mean time per level.
                   A        B        C        D        E       F      G
               +--------+--------+--------+--------+--------+-----+--------+
         Total |   1967 |   1904 |     63 |    149 |   1486 |   3 |  655.7 |
       Dungeon |   1967 |   1904 |     63 |    149 |   1486 |   3 |  655.7 |
               +--------+--------+--------+--------+--------+-----+--------+

Top non-repeatable levels by time:
     D:1: 1121 daAuts
     D:2: 817 daAuts
     D:3: 28 daAuts

Table legend:
 A = Non-vault XP
 B = Vault XP
 C = Vault XP percentage of total XP
 D = Non-vault monster count
 E = Vault monster count
 F = Vault count percentage of total count
                 A         B        C        D         E       F
            +---------+---------+-------+---------+---------+-------
      Total |      73 |       9 |  11.0 |      32 |       2 |   5.9
            +---------+---------+-------+---------+---------+-------
        D:1 |      20 |       9 |  31.0 |      12 |       2 |  14.3
        D:2 |      53 |       0 |   0.0 |      20 |       0 |   0.0
            +---------+---------+-------+---------+---------+-------
